 Dungeon Crawl Stone Soup version 0.18-a0-1285-g60d00e1 (webtiles) character file.

28 Gagarin the Caller (level 3, -3/14 HPs)
             Began as a Felid Summoner on Feb 8, 2016.
             Slain by an adder (5 damage)
             ... on level 2 of the Dungeon.
             The game lasted 00:08:10 (1763 turns).

Gagarin the Caller (Felid Summoner)                 Turns: 1763, Time: 00:08:11

Health: -3/14      AC:  1    Str:  5    XL:     3   Next: 0%
Magic:  6/7        EV: 18    Int: 16    God:
Gold:   39         SH:  0    Dex: 16    Spells: 1 memorised, 5 levels left
                                        Lives:  0   Deaths: 0

rFire  . . .     SeeInvis +     (weapon unavailable)
rCold  . . .     Gourm    .     (armour unavailable)
rNeg   . . .     Faith    .     (shield unavailable)
rPois  .         Spirit   .     (helmet unavailable)
rElec  .         Dismiss  .     (cloak unavailable)
rCorr  .         Reflect  .     (gloves unavailable)
SustAt .         Harm     .     (boots unavailable)
MR     .....                    (no amulet)
Stlth  +++.......               (no ring)
                                (no ring)

@: quick, not resistant to hostile enchantments, fairly stealthy
A: no armour, no weapons or thrown items, claws 1, fangs 3, see invisible,
carnivore 3, speed 1, shaggy fur 1, slow metabolism 1, sharp paws
a: no special abilities


You were on level 2 of the Dungeon.
You were completely stuffed.

You visited 1 branch of the dungeon, and saw 2 of its levels.

You collected 39 gold pieces.

Inventory:

Scrolls
 d - 3 scrolls of identify {unknown}
 e - a scroll of blinking {unknown}
 h - 2 scrolls of magic mapping {unknown}
 i - a scroll of remove curse {unknown}
Potions
 c - 3 potions of lignification {unknown}
 g - a potion of degeneration {unknown}
Books
 a - a book of Callings

   Spells                             Type                      Level
   a - Summon Small Mammal            Summoning                    1
   b - Call Imp                       Summoning                    2
   c - Call Canine Familiar           Summoning                    3
   d - Summon Guardian Golem          Hexes/Summoning              3
   e - Summon Lightning Spire         Summoning/Air                4
   f - Summon Ice Beast               Ice/Summoning                4
Comestibles
 b - 3 meat rations
 f - 2 chunks of flesh


   Skills:
 + Level 3.1 Dodging
 + Level 3.1 Stealth
 + Level 0.2 Unarmed Combat
 + Level 2.1 Spellcasting
 + Level 4.4 Summonings


You had 5 spell levels left.
You knew the following spells:

 Your Spells              Type           Power        Failure   Level  Hunger
a - Summon Small Mammal   Summ           ###.         3%          1    #......


Dungeon Overview and Level Annotations

Branches:
Dungeon (2/15)

Altars:


Innate Abilities, Weirdness & Mutations

You cannot wear armour.
You are incapable of wielding weapons or throwing items.
You have sharp claws.
You have razor-sharp teeth.
You have supernaturally acute eyesight.
You are carnivorous and can eat meat at any time.
You cover ground quickly.
You are covered in fur (AC +1).
You have a slow metabolism.
Your sharp claws are effective at attacking unaware monsters.


Message History

You have reached level 3!
Your experience leads to an increase in your attributes!
Increase (S)trength, (I)ntelligence, or (D)exterity?
You feel stronger.
You swap places.
Found a stone staircase leading up.
A goblin comes into view.
You swap places.
You start resting.
Your quokka disappears in a puff of smoke!
Magic restored.
You start resting.
An adder comes into view.
You start resting.
The adder bites you.
* * * LOW HITPOINT WARNING * * *
Casting: Summon Small Mammal
Confirm with . or Enter, or press ? or * to list all spells.
The adder closely misses you. The adder bites you.
You die...

#.. ..#
##...##.## ###
#.####.....#.###
#...............
#.####.....#####
##...## ##.##
#.# #.########.#
#.S@r......#
#######.[......
..<....g.
##.#####.# #.# .
#.# #.# #.#


You could see an adder and a friendly rat.

Vanquished Creatures
  A giant cockroach (D:1)
  2 goblins
  2 jackals (D:2)
  A quokka (D:2)
  2 bats (D:2)
  A giant newt (D:2)
  4 rats (D:1)
13 creatures vanquished.

Vanquished Creatures (collateral kills)
  An ooze (D:2)
  2 giant geckos (D:1)
  A goblin (D:1)
  3 hobgoblins
  A jackal (D:2)
  3 kobolds
  A giant newt (D:1)
  2 rats (D:1)
14 creatures vanquished.

Grand Total: 27 creatures vanquished

Notes
Turn   | Place    | Note
--------------------------------------------------------------
     0 | D:1      | Gagarin the Felid Summoner began the quest for the Orb.
     0 | D:1      | Reached XP level 1. HP: 7/7 MP: 4/4
   804 | D:1      | Reached XP level 2. HP: 11/11 MP: 0/6
  1670 | D:2      | Reached XP level 3. HP: 3/14 MP: 2/7
  1763 | D:2      | Slain by an adder

Vault maps used:
D:1:      minmay_arrival_hallway, hex_medium, nrook_loot_triangle
D:2:      minmay_hedge_maze

Action                   || total
-------------------------++-------
Melee: Unarmed           ||    55
 Cast: Summon Small Mamm ||    39
 Stab: Sleeping          ||     6
  Eat: Chunk             ||     9
